 Dungeon Crawl Stone Soup version 0.29.1-13-g9f3cf754e1 (webtiles) character file.

Game seed: 12987959941304979124

26924 devnull the Dealer of Despair (level 13, -27/75 HPs)
             Began as a Demonspawn Necromancer on Jan 22, 2023.
             Was an Elder of Kikubaaqudgha.
             Annihilated by a titanic slime creature (66 damage)
             ... on level 13 of the Dungeon on Jan 25, 2023.
             The game lasted 02:13:27 (19844 turns).

devnull the Dealer of Despair (DsNe)               Turns: 19844, Time: 02:13:27

Health: -27/75     AC: 19    Str:  9    XL:     13   Next: 1%
Magic:  20/23      EV: 12    Int: 24    God:    Kikubaaqudgha [****..]
Gold:   137        SH:  4    Dex: 20    Spells: 7/26 levels left

rFire   + . .      SeeInvis .   a - staff of death
rCold   . . .      Faith    .   c - +0 buckler
rNeg    + . .      Spirit   .   K - +0 steam dragon scales
rPois   .          Reflect  .   I - +1 helmet {Int+3}
rElec   .          Harm     .   S - +1 cloak {rCorr}
rCorr   +          Rampage  .   (gloves unavailable)
Will    .....      Clarity  +   P - +0 pair of boots
Stlth   +++.......              G - amulet of magic regeneration
HPRegen 0.22/turn               A - +6 ring of dexterity
MPRegen 0.58/turn               i - +4 ring of protection

@: unable to drink
A: claws 3, rugged brown scales 2, foul stench 2, clarity, fire resistance 1,
frail 1, inability to drink after injury 1
a: Renounce Religion, Unearth Wretches


You were on level 13 of the Dungeon.
You worshipped Kikubaaqudgha.
Kikubaaqudgha was greatly pleased with you.
You visited 2 branches of the dungeon, and saw 14 of its levels.
You also visited: Sewer and Bailey.

You collected 923 gold pieces.
You spent 786 gold pieces at shops.

Inventory:

Hand Weapons
 b - a +1 dagger of protection
 h - a +2 whip of venom
 k - a +2 antimagic spear
 t - a +2 broad axe of flaming
 D - a +5 sling
 H - a +0 vampiric whip
Missiles
 y - 12 poisoned darts
Armour
 c - a +0 buckler (worn)
 I - a +1 helmet of intelligence (worn)
 K - +0 steam dragon scales (worn)
 O - the +4 scale mail "Ruhihaoro" {Int+7}
   (You found it in a bailey)

   Int:       It affects your intelligence (+7).
 P - a +0 pair of boots (worn)
 S - a +1 cloak of preservation (worn)
 U - an orb of light
Magical Staves
 a - a staff of death (weapon)
Jewellery
 i - a +4 ring of protection (right claw)
 A - a +6 ring of dexterity (left claw)
 G - an amulet of magic regeneration (around neck)
Wands
 x - a wand of quicksilver (7)
 R - a wand of mindburst (6)
 T - a wand of iceblast (6)
 V - a wand of charming (7)
 X - a wand of polymorph (3)
Scrolls
 e - 2 scrolls of fear
 g - 5 scrolls of enchant weapon
 l - 3 scrolls of immolation
 n - 5 scrolls of magic mapping
 o - a scroll of noise
 r - 6 scrolls of teleportation
 s - a scroll of torment
 u - 4 scrolls of amnesia
 z - 2 scrolls of poison
 B - 4 scrolls of butterflies
 F - 6 scrolls of vulnerability
 L - 3 scrolls of brand weapon
 N - 2 scrolls of blinking
 W - a scroll of silence
 Y - a scroll of identify
Potions
 d - a potion of brilliance
 f - 3 potions of flight
 j - a potion of invisibility
 m - 7 potions of haste
 p - 2 potions of cancellation
 q - 2 potions of magic
 v - 5 potions of curing
 w - 4 potions of might
 C - 3 potions of lignification
 E - a potion of resistance
 J - 2 potions of ambrosia {unknown}
 M - 2 potions of attraction {unknown}
 Q - 4 potions of heal wounds


   Skills:
 - Level 1.0 Short Blades
 - Level 6.8 Staves
 + Level 9.5 Armour
 - Level 1.7 Dodging
 - Level 4.0 Stealth
 - Level 7.0 Spellcasting
 - Level 4.0 Hexes
 - Level 16.5 Necromancy
 - Level 4.0 Earth Magic
 - Level 2.1 Evocations


You had 7 spell levels left.
You knew the following spells:

 Your Spells              Type           Power      Damage    Failure   Level
a - Necrotise             Necr           100%       1d9       0%          1
b - Vampiric Draining     Necr           93%        2d12      1%          3
c - Animate Dead          Necr           93%        N/A       1%          4
d - Anguish               Hex/Necr       36%        N/A       1%          4
f - Sublimation of Blood  Necr           93%        N/A       0%          2
g - Borgnjor's Vile Clut  Necr/Erth      36%        N/A       4%          5

Your spell library contained the following spells:

 Spells                   Type           Power      Damage    Failure   Level
 Agony                    Necr           93%        N/A       1%          5
 Death Channel            Necr           46%        N/A       1%          6
 Corpse Rot               Necr/Pois/Air  51%        N/A       10%         4
 Conjure Flame            Conj/Fire      8%         6-21      28%         3
 Ignite Poison            Fire/Tmut/Pois 8%         N/A       28%         3
 Ozocubu's Armour         Ice            8%         N/A       28%         3
 Simulacrum               Ice/Necr       32%        N/A       45%         6
 Sticky Flame             Conj/Fire      8%         2d3       67%         4
 Metabolic Englaciation   Hex/Ice        9%         N/A       75%         5


Dungeon Overview and Level Annotations

Branches:
Dungeon (13/15)            Temple (1/1) D:4            Lair (0/5) D:9
    Orc (0/2) D:9          Vaults (0/5) D:13          Sewer (visited)
 Bailey (visited)

Altars:
Ashenzari
Cheibriados
Dithmenos
Fedhas
Gozag
Hepliaklqana
Kikubaaqudgha
Makhleb
Nemelex Xobeh
Okawaru
Qazlal
Ru
Sif Muna
Trog
Uskayaw
Vehumet
Wu Jian
Xom
Yredelemnul

Shops:
D:3 [   D:6 ![[[*

Annotations:
D:9 exclusion: ice statue


Innate Abilities, Weirdness & Mutations

You have claws for hands.
You are mostly covered in rugged brown scales. (AC +2, +5% HP)
You sometimes emit foul miasma when damaged in melee.
You possess an exceptional clarity of mind.
Your flesh is heat resistant. (rF+)
You are frail. (-10% HP)
You occasionally lose the ability to drink potions when taking damage.


Message History

The very large slime creature hits you!!
The slime creature hits you but does no damage.
The slime creature closely misses you.
You swap places.
The slime creature hits your two-headed ogre zombie!
The very large slime creature hits your two-headed ogre zombie!!
Your two-headed ogre zombie is destroyed!
Casting: Vampiric Draining (safe; 1% risk of failure)
Confirm with . or Enter, or press ? or * to list all spells.
Aiming: Vampiric Draining (safe; 1% risk of failure)
Press: ? - help, Shift-Dir - straight line, f - slime creature, p - slime creature
Aim: a slime creature You feel a surge of power!
You draw life force from the slime creature!
You feel life coursing into your body!
Your two-headed ogre zombie hits the slime creature. x2
Two slime creatures merge to form a large slime creature.
Two slime creatures merge to form a titanic slime creature.
Press: ? - help, v - describe, . - travel
Here: a titanic slime creature (moderately wounded)
The floor.
The titanic slime creature hits your boulder beetle zombie!!!!
Your boulder beetle zombie is destroyed!
Casting: Vampiric Draining (safe; 1% risk of failure)
Confirm with . or Enter, or press ? or * to list all spells.
Aiming: Borgnjor's Vile Clutch (dangerous; 4% risk of failure)
Press: ? - help, Shift-Dir - straight line, f - you, p - titanic slime creature
Okay, then.
Unknown command.
Your two-headed ogre zombie hits the titanic slime creature. x2
A titanic slime creature splits.
Two slime creatures merge to form a titanic slime creature.
Your two-headed ogre zombie hits the titanic slime creature!
Your two-headed ogre zombie hits the titanic slime creature.
The titanic slime creature attacks as you move away!
The titanic slime creature hits you!!!
You feel threatened and lose the ability to drink potions!
Ouch! That really hurt!
You die...
Kikubaaqudgha rasps: "You have failed me!
Welcome... death!"

####...Z.#..Z...
#..# ###..###.Z##.
#..# ####.#.#.#.##.
####..#
#.............
.....#
#.#####.#.###. #...#
#.# #.#.# #.
#...#####.#####.#.#
#. ##
#............##.#.#
#. # ..
###..J@............#
#.
....#.#.Z.....##.###
##### #.
........#####.##.#
## ........#
#[##.#### #
........# #.......#
# #.PP_..##
#.#####.#########


#.PPPP. #.....)..Z....... #..PP.. ...############### #.. ... .### # You could
see a titanic slime creature (ally target) and a friendly two-headed ogre
zombie.

Vanquished Creatures
  A hydra (D:11)
  An ogre mage (D:13)
  2 centaur warriors
  2 boulder beetles
  4 two-headed ogres
  3 death yaks (D:9)
  A deep elf pyromancer (D:12)
  An ugly thing (D:11)
  4 manticores
  A wolf spider (D:13)
  A cyclops (D:11)
  An orc sorcerer (Bailey)
  Maurice (D:9)
  A gargoyle (D:11)
  A kobold demonologist (Bailey)
  Joseph (D:8)
  A tengu conjurer (D:13)
  A polar bear (shapeshifter) (D:11)
  3 trolls
  A hornet (D:10)
  9 yaks (D:8)
  2 basilisks
  6 vampire mosquitoes
  2 steam dragons (D:7)
  Menkaure (D:6)
  6 acid dragons
  2 water moccasins
  Duvessa (D:4)
  2 black bears
  7 orc warriors
  5 sky beasts
  3 ogres
  An ice beast (D:7)
  4 centaurs
  2 kobold brigands (Sewer)
  4 bullfrogs
  A necrophage (D:6)
  4 scorpions
  A wight (D:8)
  Dowan (D:4)
  14 killer bees
  2 vampire bats (D:12)
  5 howler monkeys
  6 electric eels
  3 orc priests
  2 jellies
  3 iguanas
  5 orc wizards
  11 gnolls
  A river rat (D:9)
  10 adders
  A white imp (D:8)
  An ufetubus (D:6)
  4 worms
  A dart slug (D:5)
  26 orcs
  2 bat skeletons (D:12)
  3 bat zombies (D:12)
  10 endoplasms
  4 giant cockroaches
  18 goblins
  11 hobgoblins
  4 jackals (D:3)
  7 quokkas
  11 ball pythons
  7 bats
  3 frilled lizards
  28 kobolds
  8 rats
307 creatures vanquished.

Vanquished Creatures (collateral kills)
  A boulder beetle (D:13)
  3 two-headed ogres
  A mana viper (shapeshifter) (D:11)
  A guardian serpent (shapeshifter) (D:13)
  A gargoyle (D:13)
  Maggie (D:6)
  A hornet (D:9)
  A yak (D:8)
  Eustachio (D:6)
  5 vampire mosquitoes (D:13)
  A wight (D:8)
  4 killer bees
  2 howler monkeys (D:9)
  An orc priest (D:9)
  An orc wizard (D:9)
  2 gnolls (Bailey)
  A shadow imp (D:6)
  3 orcs
  3 goblins
  2 kobolds (Sewer)
  A bush (D:11)
37 creatures vanquished.

Vanquished Creatures (others)
  A wolf spider zombie (D:13)
  An ugly thing (D:11)
  A manticore (D:6)
  A boulder beetle zombie (D:13)
  A guardian serpent zombie (D:13)
  A shadow (D:12)
  A wraith (D:11)
  A two-headed ogre zombie (D:13)
  An ogre zombie (D:13)
  3 orc warriors (Bailey)
  An ice beast (D:6)
  2 wights (D:8)
  A yak zombie (D:8)
  A killer bee (D:8)
  A black bear zombie (D:8)
  A human zombie (D:8)
  A killer bee zombie (D:9)
  3 acid dragon zombies
  A ball python (D:13)
  A ball python zombie (D:13)
  4 gnoll zombies
  A goblin (Bailey)
  3 goblin zombies (Bailey)
  7 orc zombies
  12 bushes
  A fungus (D:9)
  49 plants
102 creatures vanquished.

Grand Total: 446 creatures vanquished

Notes
Turn   | Place    | Note
-------+----------+-------------------------------------------
     0 | D:1      | devnull the Demonspawn Necromancer began the quest for the
                  | Orb.
     0 | D:1      | Reached XP level 1. HP: 13/13 MP: 3/3
   284 | D:1      | Gained mutation: You have sharp fingernails. [demonic
                  | ancestry]
   284 | D:1      | Reached XP level 2. HP: 15/19 MP: 1/5
   413 | D:1      | Reached skill level 5 in Necromancy
  1240 | D:1      | Reached XP level 3. HP: 24/24 MP: 1/6
  1714 | D:2      | Reached skill level 6 in Necromancy
  1924 | D:2      | Reached XP level 4. HP: 30/30 MP: 5/7
  1928 | D:2      | Learned a level 3 spell: Vampiric Draining
  1974 | D:2      | Found a faded altar of an unknown god.
  2439 | D:3      | Found Qaulib's Antique Armour Boutique.
  2613 | D:3      | Gained mutation: You may rarely emit foul miasma when
                  | damaged in melee. [demonic ancestry]
  2613 | D:3      | Reached XP level 5. HP: 33/35 MP: 5/9
  2728 | D:3      | Identified the +1 scale mail of Ylatom {*Corrode rPois
                  | Int+3 Stlth+}
  2861 | D:3      | Found an ornate altar of the Wu Jian Council.
  2955 | D:3      | Found a glowing drain.
  2959 | Sewer    | Entered a sewer
  3326 | Sewer    | Reached XP level 6. HP: 31/41 MP: 2/12
  3580 | Sewer    | Gained mutation: Armour fits poorly on your strangely
                  | shaped body. [potion of mutation]
  3580 | Sewer    | Gained mutation: You are frail. (-10% HP) [potion of
                  | mutation]
  3580 | Sewer    | Gained mutation: You occasionally lose the ability to drink
                  | potions when taking damage. [potion of mutation]
  3597 | Sewer    | HP: 1/36 [poisoned by a kobold]
  3889 | Sewer    | Lost mutation: Armour fits poorly on your strangely shaped
                  | body. [potion of mutation]
  3889 | Sewer    | Lost mutation: You occasionally lose the ability to drink
                  | potions when taking damage. [potion of mutation]
  3889 | Sewer    | Gained mutation: Your flesh is heat resistant. (rF+)
                  | [potion of mutation]
  3889 | Sewer    | Gained mutation: You occasionally lose the ability to drink
                  | potions when taking damage. [potion of mutation]
  3889 | Sewer    | Gained mutation: You possess an exceptional clarity of
                  | mind. [potion of mutation]
  4755 | D:4      | Reached skill level 7 in Necromancy
  4924 | D:4      | Noticed Dowan
  4926 | D:4      | Noticed Duvessa
  4949 | D:4      | Killed Dowan
  4950 | D:4      | Gained mutation: You sometimes emit foul miasma when
                  | damaged in melee. [demonic ancestry]
  4950 | D:4      | Reached XP level 7. HP: 41/41 MP: 1/13
  5311 | D:4      | Found a staircase to the Ecumenical Temple.
  5320 | Temple   | Entered the Ecumenical Temple
  5381 | Temple   | Became a worshipper of Kikubaaqudgha
  5445 | D:4      | Learned a level 4 spell: Animate Dead
  5744 | D:4      | Killed Duvessa
  5745 | D:4      | Reached skill level 8 in Necromancy
  5951 | D:5      | Entered Level 5 of the Dungeon
  6192 | D:5      | Reached skill level 9 in Necromancy
  6547 | D:5      | Gained mutation: You have very sharp fingernails. [demonic
                  | ancestry]
  6547 | D:5      | Reached XP level 8. HP: 28/46 MP: 8/14
  7140 | D:6      | Noticed Menkaure
  7148 | D:6      | Killed Menkaure
  7149 | D:6      | Reached skill level 10 in Necromancy
  7409 | D:6      | Noticed Eustachio
  7432 | D:6      | Found Cyashrome's Assorted Antiques.
  7488 | D:6      | Reached skill level 11 in Necromancy
  7589 | D:6      | Found Ebeghod's Armour Shoppe.
  7634 | D:6      | Noticed Maggie
  7677 | D:6      | Found Ruakelaix's Distillery.
  7685 | D:6      | Bought a potion of heal wounds for 55 gold pieces
  7685 | D:6      | Bought a potion of degeneration for 11 gold pieces
  7718 | D:6      | Bought 3 scrolls of identify for 102 gold pieces
  7902 | D:6      | Found Waavoqog's Armour Emporium.
  7918 | D:6      | Reached * piety under Kikubaaqudgha
  7918 | D:6      | Received a gift from Kikubaaqudgha
  7940 | D:6      | Learned a level 2 spell: Sublimation of Blood
  8035 | D:6      | Found a blossoming altar of Fedhas.
  8190 | D:6      | Found Siogurch's Armour Boutique.
  9042 | D:7      | Reached skill level 12 in Necromancy
  9237 | D:7      | Reached XP level 9. HP: 33/51 MP: 9/15
  9242 | D:7      | Learned a level 4 spell: Anguish
  9391 | D:7      | Reached skill level 1 in Hexes
  9830 | D:7      | Reached skill level 5 in Spellcasting
 10506 | D:7      | Reached skill level 1 in Short Blades
 10753 | D:6      | Killed Maggie
 10992 | D:6      | Killed Eustachio
 11060 | D:6      | Bought a +1 helmet of intelligence for 165 gold pieces
 11115 | D:6      | Bought a +0 buckler for 54 gold pieces
 11299 | D:8      | Noticed a two-headed ogre
 11309 | D:8      | Killed a two-headed ogre
 11310 | D:8      | Reached skill level 13 in Necromancy
 11310 | D:8      | Gained mutation: You are partially covered in rugged brown
                  | scales. (AC +1, +3% HP) [demonic ancestry]
 11310 | D:8      | Reached XP level 10. HP: 35/58 MP: 11/20
 11518 | D:8      | Reached skill level 14 in Necromancy
 11559 | D:8      | Noticed Joseph
 11585 | D:8      | Killed Joseph
 11598 | D:8      | Your ally Joseph died
 11970 | D:8      | Reached ** piety under Kikubaaqudgha
 11979 | D:8      | Reached skill level 15 in Necromancy
 12140 | D:8      | Found a stormy altar of Qazlal.
 12487 | D:9      | Noticed a two-headed ogre
 12497 | D:9      | Killed a two-headed ogre
 12720 | D:9      | Noticed a boulder beetle
 12731 | D:9      | Killed a boulder beetle
 12732 | D:9      | Reached skill level 16 in Necromancy
 12732 | D:9      | Gained mutation: You are mostly covered in rugged brown
                  | scales. (AC +2, +5% HP) [demonic ancestry]
 12732 | D:9      | Reached XP level 11. HP: 50/64 MP: 7/21
 12749 | D:9      | Found a flagged portal.
 12807 | Bailey   | Entered a bailey
 13674 | Bailey   | Acquired a staff of death
 13694 | Bailey   | Reached *** piety under Kikubaaqudgha
 13694 | Bailey   | Received a gift from Kikubaaqudgha
 13708 | Bailey   | Learned a level 5 spell: Borgnjor's Vile Clutch
 13839 | Bailey   | Found an iron altar of Okawaru.
 13839 | Bailey   | Noticed an orc sorcerer
 13845 | Bailey   | Killed an orc sorcerer
 13872 | Bailey   | Identified the +4 scale mail "Ruhihaoro" {Int+7}
 13984 | D:9      | Noticed a death yak
 14038 | D:9      | Noticed a two-headed ogre
 14051 | D:9      | Killed a two-headed ogre
 14092 | D:9      | Found a bloodstained altar of Trog.
 14213 | D:9      | Noticed a death yak
 14214 | D:9      | Noticed a death yak
 14230 | D:9      | Killed a death yak
 14237 | D:9      | Killed a death yak
 14239 | D:9      | Killed a death yak
 14240 | D:9      | Reached skill level 5 in Staves
 14247 | D:9      | Found a staircase to the Lair.
 14537 | D:9      | Paralysed by a hornet for 2 turns
 14708 | D:9      | Found an opulent altar of Gozag.
 14708 | D:9      | Found an iron altar of Okawaru.
 14709 | D:9      | Found a snail-covered altar of Cheibriados.
 14830 | D:9      | Noticed Maurice
 14859 | D:9      | Killed Maurice
 14987 | D:9      | Found a staircase to the Orcish Mines.
 15106 | D:10     | Entered Level 10 of the Dungeon
 15341 | D:10     | Reached skill level 1 in Earth Magic
 15380 | D:10     | Identified the +5 mace "Jellybane" {drain, rPois}
 15781 | D:10     | Found a burning altar of Makhleb.
 15877 | D:10     | Found a sacrificial altar of Ru.
 16579 | D:6      | Bought 2 scrolls of teleportation for 102 gold pieces
 16579 | D:6      | Bought a scroll of blinking for 127 gold pieces
 16713 | D:11     | Noticed a cyan ugly thing
 16724 | D:11     | Killed a cyan ugly thing
 16741 | D:11     | Noticed a red ugly thing
 16743 | D:11     | Gained mutation: You have claws for hands. [demonic
                  | ancestry]
 16743 | D:11     | Reached XP level 12. HP: 44/70 MP: 3/22
 16769 | D:11     | Noticed a two-headed ogre
 16775 | D:11     | Killed a two-headed ogre
 16795 | D:11     | Reached **** piety under Kikubaaqudgha
 17269 | D:11     | Acquired a +4 ring of protection
 17273 | D:11     | Noticed a five-headed hydra
 17282 | D:11     | Killed a five-headed hydra
 17283 | D:11     | Reached skill level 5 in Armour
 18622 | D:12     | Noticed a two-headed ogre
 18629 | D:12     | Killed a two-headed ogre
 18771 | D:12     | Found an ancient bone altar of Kikubaaqudgha.
 18933 | D:12     | Noticed a centaur warrior
 18941 | D:12     | Killed a centaur warrior
 19168 | D:13     | Noticed a centaur warrior
 19174 | D:13     | Killed a centaur warrior
 19175 | D:13     | Reached skill level 1 in Evocations
 19330 | D:6      | Bought a potion of heal wounds for 85 gold pieces
 19330 | D:6      | Bought a potion of heal wounds for 85 gold pieces
 19539 | D:13     | Noticed an ogre mage
 19588 | D:13     | Noticed a two-headed ogre
 19596 | D:13     | Killed a two-headed ogre
 19598 | D:13     | Noticed a two-headed ogre
 19604 | D:13     | Killed a two-headed ogre
 19605 | D:13     | Killed an ogre mage
 19606 | D:13     | Found a gate to the Vaults.
 19713 | D:13     | Noticed a boulder beetle
 19725 | D:13     | Killed a boulder beetle
 19726 | D:13     | Reached XP level 13. HP: 75/75 MP: 19/23
 19827 | D:13     | Found a blossoming altar of Fedhas.
 19844 | D:13     | Annihilated by a titanic slime creature

Illustrated notes

Levels and vault maps discovered:
D:1:      roderic_dead_forest, layout_basic
D:2:      layout_rooms, basic_ecumenical_altar
D:3:      layout_loops_ring, nzn_wu_jian_contemplation, serial_shops,
          nicolae_shop_window_shopping, gup_sewer_entry_spiral
D:4:      layout_cave_pods, minmay_temple_entry_ruins, uniq_duvessa
D:5:      layout_gridville
D:6:      layout_gridville, nicolae_overflow_crystal_walls, serial_shops,
          shop_statue, shop, nicolae_square_shop, shop, shop, uniq_menkaure,
          uniq_maggie, uniq_eustachio
D:7:      layout_basic, minmay_misc_feat_rugged, hangedman_misty_isle
D:8:      layout_cave_pools, elyvilon_altar_3, nicolae_qazlal_general_emergency,
          chequers_serial_rivers_micro_d, uniq_joseph
D:9:      minmay_statue_hallways, layout_irregular_city, trog_book,
          nicolae_overflow_hidden_temple, dpeg_lair_monsters, orc_0_dummy,
          enter_bailey_5, fungi_pond_lemuel, uniq_maurice
D:10:     kennysheep_spiral_hall, layout_basic, lightli_temple_of_fire,
          nicolae_ru_great_annihilating_truth
D:11:     minmay_ornate_pinched, layout_cave_pods, kennysheep_boxes
D:12:     layout_rooms, kennysheep_vampire_church
D:13:     layout_loops_ring, david_vaults_2, fedhas_bush_and_centaur_altar
Temple:   nicolae_temple_x_marks_the_god

Skill      XL: |  1  2  3  4  5  6  7  8  9 10 11 12 |
---------------+-------------------------------------+-----
Necromancy     | 5 6 7 9 12 13 16 | 16.5
Spellcasting   | 3 4 7 |  7.0
Stealth        | 3 4 |  4.0
Hexes          | 4 |  4.0
Short Blades   | 1 |  1.0
Staves         | 6 |  6.8
Earth Magic    | 4 |  4.0
Armour         | 9 |  9.5
Evocations     | 2 |  2.1
Dodging        | |  1.7

Action                   |  1- 3 |  4- 6 |  7- 9 | 10-12 | 13-15 || total
-------------------------+-------+-------+-------+-------+-------++-------
Melee: Short sword       |    41 |       |       |       |       ||    41
       Dagger            |    28 |   166 |   171 |   110 |       ||   475
       Whip              |     2 |       |       |       |       ||     2
       Punch             |       |     1 |     2 |       |       ||     3
       Staff             |       |       |       |   140 |     4 ||   144
 Fire: Sling             |       |       |       |     9 |       ||     9
Throw: Dart              |       |    14 |    28 |     3 |       ||    45
       Throwing net      |       |       |     1 |       |       ||     1
 Cast: Necrotise         |    63 |    77 |    32 |    17 |       ||   189
       Vampiric Draining |       |     4 |    91 |   135 |     3 ||   233
       Animate Dead      |       |       |     4 |     8 |       ||    12
       Anguish           |       |       |     5 |    25 |       ||    30
       Sublimation of Bl |       |       |     1 |    19 |       ||    20
       Borgnjor's Vile C |       |       |       |    55 |     2 ||    57
Invok: Unearth Wretches  |       |       |     1 |     1 |       ||     2
  Use: Potion            |       |     7 |       |     3 |       ||    10
       Scroll            |       |     4 |    10 |    12 |       ||    26
 Stab: Sleeping          |       |     2 |     2 |     2 |       ||     6
       Paralysed         |       |       |       |     5 |       ||     5
Armor: Ring mail         |    35 |    91 |   100 |       |       ||   226
       Skin              |       |    86 |       |       |       ||    86
       Steam dragon scal |       |       |    21 |   183 |     8 ||   212
Dodge: Dodged            |    42 |   145 |   121 |   265 |     7 ||   580
Block: Buckler           |       |       |     2 |    93 |     5 ||   100
